 Dungeon Crawl Stone Soup version 0.31-a0-1612-g4aaf141004 (webtiles) character file.

Game seed: 7737022803923043999

37 zenocrate the Sneak (level 3, 0/16 HPs)
             Began as a Vine Stalker Enchanter on Jan 10, 2024.
             Succumbed to an adder's poison
             ... on level 2 of the Dungeon.
             The game lasted 00:01:03 (764 turns).

zenocrate the Sneak (Vine Stalker Enchanter)         Turns: 764, Time: 00:01:04

Health: 0/16       AC:  2    Str:  7 (10) XL:     3   Next: 39%
Magic:  1/7        EV: 12    Int: 13 (15) God:
Gold:   14         SH:  0    Dex: 14 (16) Spells: 1/6 levels left

rFire   . . .        a - +1 dagger
rCold   . . .        (no shield)
rNeg    . . .        f - +0 robe {Will+}
rPois   .            (no helmet)
rElec   .            (no cloak)
rCorr   .            (no gloves)
SInv    .            (no boots)
Will    +....        (no amulet)
Stlth   +++          (no ring)
HPRegen 1.02/turn    (no ring)
MPRegen 0.10/turn

%: guardian spirit
@: lethally poisoned (0 -> -3)
A: fangs 2, regeneration 1, magic shield, antimagic bite, no potion heal 2
a: no special abilities


You were on level 2 of the Dungeon.
You visited 1 branch of the dungeon, and saw 2 of its levels.

You collected 14 gold pieces.

Inventory:

Hand Weapons
 a - a +1 dagger (weapon)
Missiles
 e - 5 boomerangs (quivered)
Armour
 f - a +0 robe of willpower (worn)
Scrolls
 d - a scroll of teleportation {unknown}
Potions
 b - a potion of degeneration
 c - 2 potions of invisibility


   Skills:
 * Level 1.8 Short Blades
 - Level 1.5 Dodging
 + Level 4.2 Stealth
 - Level 2.1 Spellcasting
 + Level 3.3 Hexes
 + Level 0.7 Ice Magic


You had one spell level left.
You knew the following spells:

 Your Spells              Type           Power      Damage    Failure   Level
a - Ensorcelled Hibernat  Hex/Ice        12%        N/A       16%         2
b - Confusing Touch       Hex            10%        N/A       19%         3

Your spell library contained the following spells:

 Spells                   Type           Power      Damage    Failure   Level
 Sting                    Conj/Alch      4%         1d3       26%         1
 Tukima's Dance           Hex            10%        N/A       19%         3
 Mercury Vapours          Alch/Air       2%         N/A       36%         2
 Dazzling Flash           Conj/Hex       10%        N/A       36%         3
 Olgreb's Toxic Radiance  Alch           1%         N/A       94%         4


Dungeon Overview and Level Annotations

Branches:
Dungeon (2/15)

Altars:

Shops:
D:1 ?


Innate Abilities, Weirdness & Mutations

You have extremely sharp teeth.
Your natural rate of healing is unusually fast.
When hurt, damage is shared between your health and your magic reserves.
Your bite disrupts and absorbs the magic of your enemies.
Potions cannot restore your health.


Message History

You kill the ribbon worm!
The adder bites you but does no damage.
Casting: Ensorcelled Hibernation (safe; 14% risk of failure)
Confirm with . or Enter, or press ? or * to list all spells.
Aiming: Ensorcelled Hibernation (safe; 14% risk of failure)
Press: ? - help, Shift-Dir - straight line, f - adder
Aim: an adder (chance to affect: 50%)
The adder resists with some effort.
The adder bites you.
You are poisoned.
The adder poisons you!
You hit the adder. You bite the adder, but do no damage.
The adder is moderately wounded.
You feel sick. The adder bites you.
You are more poisoned.
The adder poisons you!
You hit the adder.
The adder is severely wounded.
You feel sick. The adder bites you but does no damage.
Casting: Ensorcelled Hibernation (safe; 14% risk of failure)
Confirm with . or Enter, or press ? or * to list all spells.
You don't have enough magic to cast this spell.
Unknown command.
You barely miss the adder.
The adder is severely wounded.
You feel sick. The adder bites you.
You are more poisoned.
The adder poisons you!
You are too injured to fight recklessly!
You are too injured to fight recklessly!
You miss the adder.
The adder is severely wounded.
* * * LOW HITPOINT WARNING * * *
You feel very sick. The adder closely misses you. The adder bites you.
* * * LOW HITPOINT WARNING * * *
Unknown command.
It was a potion of degeneration.
There was something very wrong with that liquid.
You feel weakened.
You feel dopey.
You feel clumsy.
You die...

######## #......#
+......# #......# .
#.<....###### ...
####.........
.....#######.†.......
......S@...'.........
..##.#######.........
#......... ##########


You could see an adder.

Vanquished Creatures
  An adder (D:2)
  A ribbon worm (D:2)
  4 bats
  5 endoplasms
  A giant cockroach (D:1)
  3 goblins (D:1)
  A hobgoblin (D:1)
  A quokka (D:1)
  A ball python (D:2)
  3 frilled lizards (D:1)
  A kobold (D:1)
  2 rats (D:1)
24 creatures vanquished.

Notes
Turn   | Place    | Note
-------+----------+-------------------------------------------
     0 | D:1      | zenocrate the Vine Stalker Enchanter began the quest for
                  | the Orb.
     0 | D:1      | Reached XP level 1. HP: 9/9 MP: 4/4
    42 | D:1      | Reached skill level 1 in Short Blades
    56 | D:1      | Reached XP level 2. HP: 13/13 MP: 6/6
    72 | D:1      | Learned a level 2 spell: Ensorcelled Hibernation
   200 | D:1      | Reached skill level 4 in Stealth
   562 | D:1      | Found The Oracle's Delphic Readings.
   734 | D:2      | Reached XP level 3. HP: 16/16 MP: 7/7
   738 | D:2      | Learned a level 3 spell: Confusing Touch
   764 | D:2      | Succumbed to an adder's poison

Illustrated notes

Levels and vault maps discovered:
D:1:      tekkud_arrival_beachfront_property, layout_rooms,
          hangedman_decor_growths, nicolae_nh_oracle_at_delphi
D:2:      layout_basic, dreamdust_wishing_well, uniq_natasha, uniq_sigmund

Skill      XL: |  1  2 |
---------------+-------+-----
Short Blades   | 1 |  1.8
Stealth        | 4 |  4.2
Dodging        | |  1.5
Spellcasting   | |  2.1
Hexes          | |  3.3
Ice Magic      | |  0.7

Action                     || total
---------------------------++-------
  Melee: Dagger            ||    72
         Bite              ||    14
   Cast: Ensorcelled Hiber ||     7
    Use: Potion            ||     1
   Stab: Sleeping          ||     8
 Armour: Robe              ||    41
  Dodge: Dodged            ||    58

Table legend: (Time is in decaauts)
 A = Elapsed time spent in this place.
 B = Non-inter-level travel time spent in this place.
 C = Inter-level travel time spent in this place.
 D = Time resting spent in this place.
 E = Time spent auto-exploring this place.
 F = Levels seen in this place.
 G = Mean time per level.
                   A        B        C        D        E       F      G
               +--------+--------+--------+--------+--------+-----+--------+
         Total |    758 |    707 |     51 |      0 |    507 |   2 |  379.0 |
       Dungeon |    758 |    707 |     51 |      0 |    507 |   2 |  379.0 |
               +--------+--------+--------+--------+--------+-----+--------+

Top non-repeatable levels by time:
     D:1: 714 daAuts
     D:2: 44 daAuts
